 Dungeon Crawl Stone Soup version 0.20-a0-1122-gb7cbeb9 (webtiles) character file.

32 anfisbena the Skirmisher (level 3, -2/30 HPs)
             Began as a Demonspawn Fighter on May 13, 2017.
             Slain by Sigmund
             ... wielding a cursed -3 scythe
              (8 damage)
             ... on level 1 of the Dungeon.
             The game lasted 00:00:53 (1145 turns).

anfisbena the Skirmisher (Demonspawn Fighter)       Turns: 1145, Time: 00:00:55

Health: -2/30      AC: 12    Str: 21    XL:     3   Next: 10%
Magic:  3/3        EV:  9    Int:  9    God:
Gold:   36         SH:  0    Dex: 13    Spells: 2/2 levels left

rFire    + . .     SeeInvis .   a - +0 rapier
rCold    . . .     Gourm    .   (no shield)
rNeg     . . .     Faith    .   b - +0 scale mail
rPois    .         Spirit   .   (no helmet)
rElec    .         Reflect  .   (no cloak)
rCorr    .         Harm     .   (no gloves)
MR       .....                  (no boots)
Stlth    ..........             (no amulet)
Regen    0.1/turn               (no ring)
MPRegen  0.1/turn               (no ring)

@: mighty, sanguine armour
A: fire resistance 1, sanguine armour 1
a: no special abilities


You were on level 1 of the Dungeon.
You were hungry.

You visited 1 branch of the dungeon, and saw 2 of its levels.

You collected 36 gold pieces.

Inventory:

Hand Weapons
 a - a +0 rapier (weapon)
Armour
 b - a +0 scale mail (worn)
Scrolls
 g - a scroll of remove curse {unknown}
 h - a scroll of teleportation {unknown}
Potions
 e - a potion of agility {unknown}
Comestibles
 c - 3 royal jellies
 f - 3 bread rations


   Skills:
 + Level 3.7 Fighting
 + Level 2.5 Short Blades
 - Level 2.6 Armour
   Level 2.6 Shields


You had 2 spell levels left.
You didn't know any spells.

Dungeon Overview and Level Annotations

Branches:
Dungeon (2/15)

Altars:

Annotations:
D:1 Sigmund


Innate Abilities, Weirdness & Mutations

Your flesh is heat resistant. (rF+)
When seriously injured, your bleeding wounds create armour. (AC +6)


Message History

You kill the gnoll!
You have reached level 3!
Your experience leads to an increase in your attributes!
Your base attributes are Str 16, Int 9, Dex 12.
Increase (S)trength, (I)ntelligence, or (D)exterity?
You feel agile.
Your demonic ancestry asserts itself...
You feel resistant to heat.
You barely miss Sigmund. Sigmund hits you but does no damage.
You puncture Sigmund!
Sigmund is moderately wounded.
Sigmund closely misses you.
You puncture Sigmund!
Sigmund is heavily wounded.
Sigmund barely misses you.
You closely miss Sigmund.
Sigmund is heavily wounded.
You puncture Sigmund!
Sigmund is almost dead.
Sigmund hits you with a scythe!
You die...

# #......# #.#......##..
###......############.#.........#
#........#............#..........
#.......##.#########..#.#########
#.......##.#..........#..........
#.......##.#.#######.##.#########
#................#...##.#........
#........#.#.....@...##.#.####...
#........#.##...@....##.#....#.#.
#........#.##[...).#.##.#.##.#.##
#..#.###.#.##......#.##.#....#...
####.#...#.#########.##.#########
'....#...............#...........
####.#.#.#.####...............###
.# #.#.#.#.# #...............# .#
#.#.#.#.# #...............# .#
#.....#.# #...............#


You could see Sigmund.

Vanquished Creatures
  A gnoll (D:1)
  A dart slug (D:1)
  A leopard gecko (D:1)
  7 bats (D:1)
  2 giant cockroaches (D:1)
  2 goblins (D:1)
  A hobgoblin (D:1)
  2 jackals (D:1)
  A frilled lizard (D:1)
  A kobold (D:1)
  A rat (D:1)
20 creatures vanquished.

Notes
Turn   | Place    | Note
-------+----------+-------------------------------------------
     0 | D:1      | anfisbena the Demonspawn Fighter began the quest for the Orb.
     0 | D:1      | Reached XP level 1. HP: 18/18 MP: 1/1
   312 | D:1      | Gained mutation: When seriously injured, your bleeding wounds create armour. (AC +6) [demonic ancestry]
   312 | D:1      | Reached XP level 2. HP: 24/24 MP: 2/2
  1123 | D:2      | Noticed Sigmund
  1140 | D:1      | Gained mutation: Your flesh is heat resistant. (rF+) [demonic ancestry]
  1140 | D:1      | Reached XP level 3. HP: 5/30 MP: 3/3
  1145 | D:1      | Slain by Sigmund

Vault maps used:
D:1:      co_arrival_random_square_maze
D:2:      cheibriados_altar_1, uniq_sigmund, uniq_jessica

Skill      XL: |  1 |
---------------+----+-----
Short Blades   | 2 |  2.5
Fighting       | |  3.7
Armour         | |  2.6
Shields        | |  2.6

Action                   || total
-------------------------++-------
Melee: Rapier            ||    70
  Use: Potion            ||     1
Armor: Scale mail        ||    48
Dodge: Dodged            ||    34
Block: Shield            ||     6
